AoeStats
← areozi

Hideout

510005117Analyzed
1v1 RM · 4d ago on Sep 29, 2026· 66m 41s· 2 players
Game mode
Random Map
Map size
Tiny (2 player)
Population
200
Speed
Normal
Resources
Standard
Victory
Conquest
Starting age
Dark Age
Ending age
Imperial Age
RankedLock teamsTeams togetherTeam positionsShared explorationLock speedFull tech treeHidden civsTurbo modeCheats
Victory
Defeat
🇫🇷 Mongols · France
794
+17
🇦🇷 Japanese · Argentina
814
-17
areozi
5:09 Loom
13:10 Feudal Age
14:58 Fletching
17:47 Castle Age
16:39 Double-Bit Axe
16:50 Gold Mining
17:10 Scale Barding Armor
19:26 Bow Saw
20:28 Ballistics
25:53 Padded Archer Armor
28:06 Bodkin Arrow
30:44 Husbandry
30:54 Bloodlines
30:56 Husbandry
35:17 Imperial Age
33:32 Leather Archer Armor
36:34 Conscription
35:35 Elite Mangudai
37:19 Chemistry
36:31 Fortified Wall
37:00 Town Watch
39:06 Chain Barding Armor
40:15 Bloodlines
42:54 Cavalier
46:18 Forging
47:15 Scale Mail Armor
51:30 Iron Casting
66:14 Light Cavalry
Challwaq
10:30 Feudal Age
9:54 Loom
12:17 Wheelbarrow
19:01 Castle Age
18:19 Double-Bit Axe
18:21 Man-at-Arms
19:23 Horse Collar
26:49 Bow Saw
26:56 Gold Mining
28:06 Stone Mining
29:51 Fletching
30:13 Forging
30:19 Town Watch
30:45 Heavy Plow
31:25 Hand Cart
30:49 Elite Skirmisher
31:35 Thumb Ring
36:18 Imperial Age
36:22 Devotion
36:37 Masonry
36:49 Ballistics
38:16 Chemistry
38:01 Gold Shaft Mining
37:31 Bodkin Arrow
39:05 Murder Holes
41:10 Siege Engineers
42:42 Bracer
42:43 Padded Archer Armor
48:27 Two-Man Saw
50:52 Squires
50:38 Arson
50:30 Pikeman
53:58 Scale Mail Armor
54:34 Iron Casting
60:40 Halberdier
Connection lost

Rejoining the realm…

Still unreachable

The connection could not be restored.

Session expired

The server has moved on; the page needs a fresh start.